 Dungeon Crawl Stone Soup version 0.28-a0-1429-gf3d713df7a (webtiles) character file.

Game seed: 1424300754950726452

17045 Shayle the Thaumaturge (level 12, -2/92 (94) HPs)
             Began as a Gnoll Warper on Jan 9, 2022.
             Was an Elder of Zin.
             Slain by a two-headed hydra (11 damage)
             ... on level 2 of the Lair of Beasts.
             The game lasted 00:50:30 (19446 turns).

Shayle the Thaumaturge (Gnoll Warper)              Turns: 19446, Time: 00:50:30

HP:   -2/92 (94)    AC: 19    Str:  8 (10) XL:     12   Next: 43%
MP:   24/24         EV:  5    Int: 15 (17) God:    Zin [****..]
Gold: 411           SH:  0    Dex: 11 (13) Spells: 23/28 levels left

rFire   + + .      SeeInvis .   p - +0 halberd (flame)
rCold   . . .      Faith    .   (shield currently unavailable)
rNeg    . . .      Spirit   .   f - +1 storm dragon scales
rPois   +          Reflect  .   (no helmet)
rElec   +          Harm     .   z - +1 cloak
rCorr   .          Rampage  .   (no gloves)
Will    +....                   k - +1 pair of boots
Stlth   ..........              R - amulet of regeneration
HPRegen 1.05/turn               m - ring of protection from fire
MPRegen 0.19/turn               G - ring "Yrais" {rPois rF+ Will+}

@: lightly drained
A: fangs 1, strong nose, distributed training
a: Renounce Religion, Recite, Vitalisation, Imprison, Donate Gold


You were on level 2 of the Lair of Beasts.
You worshipped Zin.
Zin was greatly pleased with you.
You visited 4 branches of the dungeon, and saw 17 of its levels.
You also visited: Ossuary.

You collected 1376 gold pieces.
You donated 965 gold pieces to Zin.

Inventory:

Hand Weapons
 b - a +1 vorpal flail
 h - a +2 shortbow of flaming
 l - the +6 dagger "Xaacsas" {vorpal, Str+6 Int-3}
   (You found it on level 2 of the Dungeon)

   It inflicts extra damage upon your enemies.
   Str:       It affects your strength (+6).
   Int:       It affects your intelligence (-3).
 p - a +0 halberd of flaming (weapon)
 F - a +4 war axe
 J - a +3 hunting sling
 K - a +2 dagger of venom
Missiles
 r - 30 poisoned darts (quivered)
 H - 182 arrows
 L - 7 boomerangs
Armour
 f - +1 storm dragon scales (worn)
 k - a +1 pair of boots (worn)
 z - a +1 cloak (worn)
 E - a +0 buckler
 O - the +3 robe of the Disturbing Planets {+Inv rN+ Str+7}
   (You found it on level 8 of the Dungeon)

   Str:       It affects your strength (+7).
   rN:        It protects you from negative energy.
   +Inv:      It lets you turn invisible.
 P - +0 steam dragon scales
Jewellery
 c - an amulet of guardian spirit
 m - a ring of protection from fire (left hand)
 n - an amulet of magic regeneration
 o - a ring of willpower
 G - the ring "Yrais" (right hand) {rPois rF+ Will+}
   (You acquired it on level 5 of the Dungeon)

   [ring of willpower]

   rF:        It protects you from fire.
   rPois:     It protects you from poison.
   Will:      It increases your willpower.
 I - a +6 ring of strength
 M - a ring of protection from cold
 R - an amulet of regeneration (around neck)
Wands
 a - a wand of flame (3)
 q - a wand of digging (8)
 y - a wand of iceblast (3)
Scrolls
 d - 3 scrolls of vulnerability
 g - 3 scrolls of teleportation
 i - 2 scrolls of enchant weapon
 s - a scroll of torment {unknown}
 t - 2 scrolls of summoning {unknown}
 u - a scroll of silence {unknown}
 x - 2 scrolls of magic mapping {unknown}
 A - a scroll of enchant armour
 B - 3 scrolls of fog {unknown}
 C - a scroll of amnesia {unknown}
 D - a scroll of immolation {unknown}
Potions
 e - 3 potions of attraction
 v - 3 potions of flight
 w - 2 potions of mutation
 S - a potion of resistance


   Skills:
 + Level 8.7 Fighting
 + Level 7.3 Short Blades
 + Level 7.3 Long Blades
 + Level 7.3 Axes
 + Level 7.3 Maces & Flails
 + Level 7.3 Polearms
 + Level 7.3 Staves
 + Level 7.3 Slings
 + Level 7.3 Bows
 + Level 7.3 Crossbows
 + Level 7.8 Throwing
 + Level 7.8 Armour
 + Level 8.7 Dodging
 + Level 7.3 Stealth
 + Level 7.3 Shields
 + Level 8.7 Unarmed Combat
 + Level 8.9 Spellcasting
 + Level 6.0 Conjurations
 + Level 6.0 Hexes
 + Level 6.0 Summonings
 + Level 6.0 Necromancy
 + Level 8.2 Translocations
 + Level 6.0 Transmutations
 + Level 6.0 Fire Magic
 + Level 6.0 Ice Magic
 + Level 6.0 Air Magic
 + Level 6.0 Earth Magic
 + Level 6.0 Poison Magic
 + Level 8.0 Invocations
 + Level 7.3 Evocations


You had 23 spell levels left.
You knew the following spells:

 Your Spells              Type           Power      Damage    Failure   Level
a - Blink                 Tloc           62%        N/A       41%         2
b - Mephitic Cloud        Conj/Pois/Air  24%        N/A       91%         3

Your spell library contained the following spells:

 Spells                   Type           Power      Damage    Failure   Level
 Animate Skeleton         Necr           48%        N/A       58%         1
 Pain                     Necr           96%        1d8       58%         1
 Gell's Gravitas          Tloc           31%        N/A       65%         3
 Lesser Beckoning         Tloc           31%        N/A       65%         3
 Teleport Other           Tloc           31%        N/A       65%         3
 Ensorcelled Hibernation  Hex/Ice        48%        N/A       73%         2
 Ignite Poison            Fire/Tmut/Pois 24%        N/A       91%         3
 Inner Flame              Hex/Fire       24%        N/A       91%         3
 Spider Form              Tmut/Pois      24%        N/A       91%         3
 Tukima's Dance           Hex            24%        N/A       91%         3
 Vampiric Draining        Necr           24%        2d7       91%         3
 Animate Dead             Necr           12%        N/A       100%        4
 Cause Fear               Hex            12%        N/A       100%        4
 Dispel Undead            Necr           24%        3d12      100%        4
 Agony                    Necr           24%        N/A       100%        5
 Borgnjor's Vile Clutch   Necr/Erth      12%        N/A       100%        5
 Excruciating Wounds      Necr           12%        N/A       100%        5
 Freezing Cloud           Conj/Ice/Air   12%        6-21      100%        5
 Manifold Assault         Tloc           31%        N/A       100%        5
 Death Channel            Necr           12%        N/A       100%        6
 Simulacrum               Ice/Necr       12%        N/A       100%        6
 Enfeeble                 Hex            12%        N/A       100%        7
 Discord                  Hex            12%        N/A       100%        8
 Infestation              Necr           12%        N/A       100%        8


Dungeon Overview and Level Annotations

Branches:
Dungeon (12/15)            Temple (1/1) D:7            Lair (3/6) D:8
 Spider (0/4) Lair:2          Orc (1/2) D:9         Ossuary (visited)
  Swamp: Lair:2-4    Shoals: Lair:2-4     Snake: Lair:2-4

Altars:
Ashenzari
Cheibriados
Dithmenos
Elyvilon
Fedhas
Gozag
Hepliaklqana
Kikubaaqudgha
Makhleb
Nemelex Xobeh
Okawaru
Qazlal
Ru
Sif Muna
Trog
Uskayaw
Vehumet
Wu Jian
Xom
Yredelemnul
Zin
The Shining One
Beogh

Annotations:
D:8 1 runed translucent door, bande's ghost, novice GrFi
Lair:2 3 runed translucent doors, Hailok's ghost, journeyman MfGl


Innate Abilities, Weirdness & Mutations

You have very sharp teeth.
Your uncanny sense of smell can sniff out nearby items.
Your experience applies equally to all skills.


Message History

You chop one of the three-headed hydra's heads off!
The flame cauterises the wound!
You slash the two-headed hydra! You burn the two-headed hydra.
You bite the two-headed hydra.
The two-headed hydra is severely wounded.
The two-headed hydra bites you! The two-headed hydra bites you.
Unknown command.
You hit the two-headed hydra. You burn the two-headed hydra.
The two-headed hydra is severely wounded.
The two-headed hydra bites you but does no damage.
The two-headed hydra bites you!
Unknown command.
You barely miss the two-headed hydra.
The two-headed hydra is severely wounded.
The two-headed hydra bites you.
The two-headed hydra bites you but does no damage.
Unknown command.
You hit the two-headed hydra but do no damage.
The two-headed hydra is severely wounded.
The two-headed hydra bites you!
* * * LOW HITPOINT WARNING * * *
The two-headed hydra bites you but does no damage.
Unknown command.
You barely miss the two-headed hydra. You bite the two-headed hydra.
The two-headed hydra is severely wounded.
The two-headed hydra bites you.
* * * LOW HITPOINT WARNING * * *
The two-headed hydra barely misses you.
Unknown command.
You barely miss the two-headed hydra. You bite the two-headed hydra.
The two-headed hydra is severely wounded.
The two-headed hydra bites you but does no damage. x2
The two-headed hydra bites you!
* * * LOW HITPOINT WARNING * * *
The two-headed hydra bites you but does no damage.
Unknown command.
You hit the two-headed hydra. You burn the two-headed hydra.
The two-headed hydra is severely wounded.
The two-headed hydra completely misses you.
The two-headed hydra bites you!
You die...

PP####..## ##..........# #
##..# ##.........## ## #.##
##.........P# #.
#..####..........## #.
#.#.#.##..........# #
#....Y...........## #
###.######.#####.#.# ## #...##
##D## ##..## #. ###...# #@..#
#...# ## ###.#P##..# ##.##
#..## ## .........## #..##
##..# #.
.#..####.######..######.######.
#.#.........#.#......#.#
##.......................
#...<........#...#.#..###
##...........########..#
#............## #.##


You could see a two-headed hydra.

Vanquished Creatures
  4 hydras
  A two-headed ogre (D:9)
  A cane toad (Lair:2)
  2 kobold demonologists
  4 komodo dragons
  2 rime drakes (Lair:1)
  A tengu conjurer (D:11)
  A troll (D:6)
  3 blink frogs
  A jumping spider (Lair:2)
  20 yaks
  A wraith (Ossuary)
  3 wyverns
  A steam dragon (D:8)
  Eustachio (D:5)
  6 redbacks (Lair:2)
  An acid dragon (D:11)
  3 water moccasins (Lair:1)
  5 orc warriors
  4 black bears
  A sky beast (D:7)
  4 centaurs
  An ogre (D:4)
  A necrophage (D:8)
  4 kobold brigands
  A gnoll sergeant (D:9)
  5 bullfrogs
  2 scorpions
  An elf skeleton (D:5)
  2 water moccasin skeletons
  17 killer bees
  12 wights
  An electric eel (Lair:1)
  3 bullfrog zombies
  4 centaur zombies
  5 orc priests
  A human zombie (D:5)
  A centaur skeleton (D:7)
  3 gnoll shamans
  3 hounds
  2 human skeletons (D:5)
  2 bullfrog skeletons
  4 iguanas
  5 orc wizards
  A killer bee zombie (D:8)
  A hound zombie (D:5)
  A mummy (Ossuary)
  14 gnolls
  9 adders
  3 white imps
  An ufetubus (D:5)
  4 worms
  A dart slug (D:4)
  37 orcs
  5 bats
  11 endoplasms
  3 giant cockroaches
  5 goblins
  8 hobgoblins
  10 jackals
  A quokka (D:1)
  3 ball pythons
  5 frilled lizards
  6 gnoll skeletons (Ossuary)
  15 kobolds
  8 kobold skeletons (Ossuary)
  12 orc skeletons
  An orc zombie (D:5)
  8 rats
  A bush (D:5)
324 creatures vanquished.

Vanquished Creatures (others)
  37 fungi
  41 plants
78 creatures vanquished.

Grand Total: 402 creatures vanquished

Notes
Turn   | Place    | Note
-------+----------+-------------------------------------------
     0 | D:1      | Shayle the Gnoll Warper began the quest for the Orb.
     0 | D:1      | Reached XP level 1. HP: 20/20 MP: 6/6
    19 | D:1      | Noticed a black bear
    19 | D:1      | Noticed a hog
    20 | D:1      | Noticed a wyvern
    20 | D:1      | Noticed a komodo dragon
   108 | D:1      | Reached XP level 2. HP: 25/26 MP: 7/7
   360 | D:1      | Reached XP level 3. HP: 29/31 MP: 9/9
   421 | D:1      | Reached skill level 5 in Spellcasting
  1028 | D:2      | Reached skill level 1 in Invocations
  1185 | D:1      | Reached skill level 1 in Short Blades
  1185 | D:1      | Reached skill level 1 in Long Blades
  1185 | D:1      | Reached skill level 1 in Axes
  1185 | D:1      | Reached skill level 1 in Maces & Flails
  1185 | D:1      | Reached skill level 1 in Polearms
  1185 | D:1      | Reached skill level 1 in Staves
  1185 | D:1      | Reached skill level 1 in Slings
  1185 | D:1      | Reached skill level 1 in Bows
  1185 | D:1      | Reached skill level 1 in Crossbows
  1185 | D:1      | Reached skill level 1 in Stealth
  1185 | D:1      | Reached skill level 1 in Shields
  1185 | D:1      | Reached skill level 1 in Evocations
  1365 | D:2      | Reached XP level 4. HP: 33/38 MP: 11/11
  1430 | D:2      | Got the Compendium of Black Magic
  1454 | D:2      | Identified the +6 dagger "Xaacsas" {vorpal, Str+6 Int-3}
  1651 | D:2      | Reached skill level 1 in Conjurations
  1651 | D:2      | Reached skill level 1 in Hexes
  1651 | D:2      | Reached skill level 1 in Summonings
  1651 | D:2      | Reached skill level 1 in Necromancy
  1651 | D:2      | Reached skill level 1 in Transmutations
  1651 | D:2      | Reached skill level 1 in Fire Magic
  1651 | D:2      | Reached skill level 1 in Ice Magic
  1651 | D:2      | Reached skill level 1 in Air Magic
  1651 | D:2      | Reached skill level 1 in Earth Magic
  1651 | D:2      | Reached skill level 1 in Poison Magic
  1849 | D:3      | Found a faded altar of an unknown god.
  1902 | D:3      | Reached XP level 5. HP: 43/43 MP: 12/12
  2061 | D:3      | Reached XP level 6. HP: 16/50 MP: 13/13
  2332 | D:3      | Found a faded altar of an unknown god.
  2353 | D:3      | Found a radiant altar of Vehumet.
  2491 | D:3      | Found a blossoming altar of Fedhas.
  3041 | D:4      | Reached skill level 5 in Fighting
  3041 | D:4      | Reached skill level 5 in Dodging
  3041 | D:4      | Reached skill level 5 in Unarmed Combat
  3433 | D:4      | Reached XP level 7. HP: 34/56 MP: 15/15
  3624 | D:4      | Found an iron altar of Okawaru.
  4051 | D:5      | Entered Level 5 of the Dungeon
  4249 | D:5      | Found a sand-covered staircase.
  4261 | Ossuary  | Entered an ossuary
  4261 | Ossuary  | Noticed a wraith
  4261 | Ossuary  | Noticed a wraith
  4261 | Ossuary  | Noticed a wraith
  4484 | Ossuary  | Noticed a wraith
  4517 | Ossuary  | Killed a wraith
  4518 | Ossuary  | Reached XP level 8. HP: 37/63 MP: 16/16
  4830 | D:5      | Noticed Eustachio
  4862 | D:5      | Killed Eustachio
  5130 | D:5      | Identified 2 scrolls of acquirement
  5130 | D:5      | Acquired the ring "Yrais" {rPois rF+ Will+}
  5132 | D:5      | Acquired 729 gold pieces
  5147 | D:5      | Found a basalt altar of Yredelemnul.
  6233 | D:6      | Noticed a kobold demonologist
  6246 | D:6      | Killed a kobold demonologist
  6247 | D:6      | Reached XP level 9. HP: 5/69 MP: 18/18
  6816 | D:6      | Noticed a troll
  6831 | D:6      | Killed a troll
  6832 | D:6      | Reached skill level 5 in Throwing
  6832 | D:6      | Reached skill level 5 in Armour
  7975 | D:7      | Found a staircase to the Ecumenical Temple.
  8080 | Temple   | Entered the Ecumenical Temple
  8304 | Temple   | Became a worshipper of Zin the Law-Giver
  8304 | Temple   | Reached * piety under Zin
  8304 | Temple   | Reached ** piety under Zin
  8316 | D:7      | Donated 463 gold pieces to Zin
  8346 | D:7      | Reached *** piety under Zin
  8663 | D:7      | Reached skill level 5 in Invocations
  9870 | D:7      | Reached XP level 10. HP: 63/77 MP: 20/20
 10434 | D:8      | Noticed a two-headed ogre
 10537 | D:8      | Identified the +3 robe of the Disturbing Planets {+Inv rN+
                  | Str+7}
 10658 | D:8      | Found a runed translucent door.
 10682 | D:8      | Reached skill level 5 in Short Blades
 10682 | D:8      | Reached skill level 5 in Long Blades
 10682 | D:8      | Reached skill level 5 in Axes
 10682 | D:8      | Reached skill level 5 in Maces & Flails
 10682 | D:8      | Reached skill level 5 in Polearms
 10682 | D:8      | Reached skill level 5 in Staves
 10682 | D:8      | Reached skill level 5 in Slings
 10682 | D:8      | Reached skill level 5 in Bows
 10682 | D:8      | Reached skill level 5 in Crossbows
 10682 | D:8      | Reached skill level 5 in Stealth
 10682 | D:8      | Reached skill level 5 in Shields
 10682 | D:8      | Reached skill level 5 in Evocations
 10765 | D:8      | Noticed a kobold demonologist
 10777 | D:8      | Noticed a rust devil
 10789 | D:8      | Killed a kobold demonologist
 11238 | D:8      | Noticed a boulder beetle
 11880 | D:8      | Found a staircase to the Lair.
 12114 | Lair:1   | Entered Level 1 of the Lair of Beasts
 12114 | Lair:1   | Noticed a seven-headed hydra
 12119 | Lair:1   | Killed a seven-headed hydra
 12310 | Lair:1   | Reached **** piety under Zin
 12522 | Lair:1   | Reached XP level 11. HP: 56/84 MP: 20/22
 12965 | Lair:1   | Reached skill level 5 in Conjurations
 12965 | Lair:1   | Reached skill level 5 in Hexes
 12965 | Lair:1   | Reached skill level 5 in Summonings
 12965 | Lair:1   | Reached skill level 5 in Necromancy
 12965 | Lair:1   | Reached skill level 5 in Transmutations
 12965 | Lair:1   | Reached skill level 5 in Fire Magic
 12965 | Lair:1   | Reached skill level 5 in Ice Magic
 12965 | Lair:1   | Reached skill level 5 in Air Magic
 12965 | Lair:1   | Reached skill level 5 in Earth Magic
 12965 | Lair:1   | Reached skill level 5 in Poison Magic
 14396 | Lair:2   | Found a hole to the Spider Nest.
 14401 | Lair:2   | Noticed an eight-headed hydra
 14662 | Lair:2   | Noticed an eight-headed hydra
 15254 | Lair:2   | Killed an eight-headed hydra
 15878 | Lair:2   | Noticed a seven-headed hydra
 15919 | Lair:2   | Found a runed translucent gate.
 15921 | Lair:2   | Found a runed translucent gate.
 15922 | Lair:2   | Found a runed translucent gate.
 15923 | Lair:2   | Noticed Hailok's ghost (journeyman MfGl)
 16483 | Lair:3   | Noticed a death yak
 16544 | Lair:2   | Killed an eight-headed hydra
 16545 | Lair:2   | Reached XP level 12. HP: 31/94 MP: 24/24
 16932 | Lair:2   | Killed a seven-headed hydra
 17150 | D:8      | Noticed bande's ghost (novice GrFi)
 17153 | D:8      | Identified the +10 spear of the Magi {venom, rPois}
 17238 | D:9      | Found a staircase to the Orcish Mines.
 17258 | Orc:1    | Entered Level 1 of the Orcish Mines
 17258 | Orc:1    | Noticed an orc high priest
 17999 | D:9      | You fall into a shaft and drop 2 floors!
 18442 | D:12     | Donated 365 gold pieces to Zin
 18599 | D:11     | Noticed a two-headed ogre
 18625 | D:10     | Entered Level 10 of the Dungeon
 18637 | D:10     | Found a broken altar of Ashenzari.
 18737 | D:10     | Found a shimmering blue altar of Sif Muna.
 18747 | D:10     | Found a hide-covered altar of Uskayaw.
 18838 | D:9      | Noticed a two-headed ogre
 18859 | D:9      | Killed a two-headed ogre
 19204 | D:8      | HP: 4/94 [boulder beetle (14)]
 19206 | D:8      | Noticed a rakshasa
 19212 | D:8      | HP: 4/91 [wight (4)]
 19429 | Lair:2   | Noticed a six-headed hydra
 19430 | Lair:2   | Learned a level 2 spell: Blink
 19434 | Lair:2   | Learned a level 3 spell: Mephitic Cloud
 19446 | Lair:2   | Slain by a two-headed hydra

Illustrated notes

Levels and vault maps discovered:
D:1:      onia_arrival_zoo_common, layout_rooms, glass_columns_b
D:2:      layout_basic
D:3:      layout_loops_ring, lemuel_round_altar,
          nicolae_overflow_ecumenical_swirl, hellmonk_ecumenical_altar_lost_god
D:4:      layout_basic, kennysheep_okawaru_gauntlet, minmay_stone_trees_small
D:5:      layout_loops_ring, yredelemnul_altar_generic,
          nicolae_ossuary_entry_catacombs, kb_lookout_dungeons_type,
          uniq_eustachio
D:6:      layout_gridville
D:7:      layout_layer_cave, minmay_temple_entry_mist
D:8:      nzn_winding_woodlands_large [nzn_winding_woodlands_5x5_cross,
          nzn_winding_woodlands_5x15_pathside_ponds,
          nzn_winding_woodlands_5x5_three,
          nzn_winding_woodlands_center_pierced_h,
          nzn_winding_woodlands_15x15_boxy_spiral,
          nzn_winding_woodlands_center_triple_pond,
          nzn_winding_woodlands_5x5_default, nzn_winding_woodlands_5x15_cabin,
          nzn_winding_woodlands_5x5_checkerboard], layout_gridville,
          grunt_lair_entry_orc_guard_hut, ebering_ghost_funeral_grove,
          serial_glass, glass_columns_b, glass_columns_b
D:9:      layout_basic, minmay_orc_entry_temple_small, grunt_decor_fettered
D:10:     layout_cave_pods, grunt_temple_overflow_open
D:11:     layout_small_grid, grunt_ministairs_3
D:12:     layout_irregular_city
Temple:   eino_wide_crystal_templ
Lair:1:   layout_roguey, cheibrodos_lair_caveside_slide, grunt_megastairs_1,
          serial_bayou_shore_b
Lair:2:   layout_small_grid, nicolae_spider_entry_tight_spaces,
          gammafunk_ghost_necromancy, serial_bayou_pond_d
Lair:3:   layout_loops_ring, gammafunk_ghost_hive, small_statue_intersection,
          pf_torpor_hydra, grunt_megastairs_2
Orc:1:    layout_diamond_mine, serial_shops, nicolae_shop_advertising_works
          [nicolae_subvault_shop_adworks], nicolae_alphabet_shops

Skill      XL: |  1  2  3  4  5  6  7  8  9 10 11 12 |
---------------+-------------------------------------+-----
Spellcasting   | 5 6 7 8 |  8.9
Invocations    | 1 2 3 4 5 6 7 8 |  8.0
Short Blades   | 1 2 3 4 5 6 7 |  7.3
Long Blades    | 1 2 3 4 5 6 7 |  7.3
Axes           | 1 2 3 4 5 6 7 |  7.3
Maces & Flails | 1 2 3 4 5 6 7 |  7.3
Polearms       | 1 2 3 4 5 6 7 |  7.3
Staves         | 1 2 3 4 5 6 7 |  7.3
Slings         | 1 2 3 4 5 6 7 |  7.3
Bows           | 1 2 3 4 5 6 7 |  7.3
Crossbows      | 1 2 3 4 5 6 7 |  7.3
Stealth        | 1 2 3 4 5 6 7 |  7.3
Shields        | 1 2 3 4 5 6 7 |  7.3
Evocations     | 1 2 3 4 5 6 7 |  7.3
Conjurations   | 1 2 3 4 5 6 |  6.0
Hexes          | 1 2 3 4 5 6 |  6.0
Summonings     | 1 2 3 4 5 6 |  6.0
Necromancy     | 1 2 3 4 5 6 |  6.0
Transmutations | 1 2 3 4 5 6 |  6.0
Fire Magic     | 1 2 3 4 5 6 |  6.0
Ice Magic      | 1 2 3 4 5 6 |  6.0
Air Magic      | 1 2 3 4 5 6 |  6.0
Earth Magic    | 1 2 3 4 5 6 |  6.0
Poison Magic   | 1 2 3 4 5 6 |  6.0
Throwing       | 3 4 5 6 7 |  7.8
Armour         | 3 4 5 6 7 |  7.8
Fighting       | 5 6 7 8 |  8.7
Dodging        | 5 6 7 8 |  8.7
Unarmed Combat | 5 6 7 8 |  8.7
Translocations | 6 7 8 |  8.2

Action                   |  1- 3 |  4- 6 |  7- 9 | 10-12 || total
-------------------------+-------+-------+-------+-------++-------
Melee: Unarmed           |   105 |    11 |       |       ||   116
       Punch             |     2 |     3 |    21 |    50 ||    76
       Bite              |     9 |    14 |    39 |   141 ||   203
       Dagger            |       |   145 |   414 |   786 ||  1345
       War axe           |       |       |       |    16 ||    16
       Halberd           |       |       |       |    11 ||    11
 Fire: Shortbow          |       |       |    16 |    54 ||    70
Throw: Dart              |     2 |     2 |     6 |    31 ||    41
       Boomerang         |       |     5 |    70 |       ||    75
       Throwing net      |       |       |       |     1 ||     1
Invok: Vitalisation      |       |       |     1 |     4 ||     5
       Donate Gold       |       |       |     1 |     1 ||     2
       Imprison          |       |       |       |     2 ||     2
       Recite            |       |       |       |     1 ||     1
Evoke: Wand              |       |       |     7 |    25 ||    32
  Use: Scroll            |     1 |     2 |     8 |    15 ||    26
       Potion            |       |       |     9 |    12 ||    21
 Stab: Held in net/web   |       |       |       |     1 ||     1
       Invisible         |       |       |       |     2 ||     2
       Confused          |       |       |       |     1 ||     1
Armor: Leather armour    |    27 |       |       |       ||    27
       Storm dragon scal |    31 |    87 |   213 |   391 ||   722
       Skin              |       |       |    39 |       ||    39
Dodge: Dodged            |    62 |    43 |   170 |   337 ||   612

Table legend: (Time is in decaauts)
 A = Elapsed time spent in this place.
 B = Non-inter-level travel time spent in this place.
 C = Inter-level travel time spent in this place.
 D = Time resting spent in this place.
 E = Time spent auto-exploring this place.
 F = Levels seen in this place.
 G = Mean time per level.
                   A        B        C        D        E       F      G
               +--------+--------+--------+--------+--------+-----+--------+
         Total |  19107 |  18418 |    689 |   7528 |   6294 |  18 | 1061.5 |
       Dungeon |  13474 |  13136 |    338 |   4986 |   4763 |  12 | 1122.8 |
        Temple |    232 |    232 |      0 |    167 |     28 |   1 |  232.0 |
          Lair |   4990 |   4639 |    351 |   2328 |   1382 |   3 | 1663.3 |
  Orcish Mines |      1 |      1 |      0 |      0 |      0 |   1 |    1.0 |
       Ossuary |    407 |    407 |      0 |     46 |    121 |   1 |  407.0 |
               +--------+--------+--------+--------+--------+-----+--------+

Top non-repeatable levels by time:
  Lair:1: 3055 daAuts
     D:8: 2376 daAuts
     D:7: 2091 daAuts
     D:6: 1963 daAuts
  Lair:2: 1934 daAuts
     D:5: 1703 daAuts
     D:3: 1186 daAuts
     D:4: 1184 daAuts
     D:1: 1132 daAuts
     D:9: 530 daAuts
     D:2: 530 daAuts
    D:11: 477 daAuts
 Ossuary: 407 daAuts
  Temple: 232 daAuts
    D:12: 212 daAuts
